 Seeded DCSS version 0.30-a0-292-g0f741e3f8e (webtiles) character file.

Game seed: 80085 (custom seed)

398 brknglss the Firebug (level 6, -9/40 HPs)
             Began as an Octopode Fire Elementalist on Oct 15, 2022.
             Mangled by Duvessa
             ... wielding a +0 short sword
              (18 damage)
             ... on level 4 of the Dungeon on Oct 17, 2022.
             The game lasted 00:09:02 (4412 turns).

brknglss the Firebug (Octopode Fire Elementalist)   Turns: 4412, Time: 00:09:03

Health: -9/40      AC:  1    Str:  7    XL:     6   Next: 83%
Magic:  1/10       EV: 18    Int: 20    God:
Gold:   187        SH:  0    Dex: 12    Spells: 8/11 levels left

rFire   . . .      SeeInvis .    l - +6 morningstar (vorpal)
rCold   . . .      Faith    .    (no shield)
rNeg    . . .      Spirit   .    (helmet restricted)
rPois   .          Reflect  .    (no amulet)
rElec   .          Harm     .    b - +4 ring of evasion
rCorr   .          Rampage  .    (no ring)
Will    .....                    (no ring)
Stlth   +.........               (no ring)
HPRegen 0.26/turn                (no ring)
MPRegen 0.12/turn                (no ring)
                                 (no ring)
                                 (no ring)

@: lit by a corona, glowing
A: almost no armour, amphibious, 8 rings, camouflage 1, gelatinous body 1,
(nimble swimmer 1), tentacles
a: no special abilities


You were on level 4 of the Dungeon.
You visited 1 branch of the dungeon, and saw 4 of its levels.

You collected 187 gold pieces.

Inventory:

Hand Weapons
 c - a +0 whip
 l - a +6 vorpal morningstar (weapon)
 r - the +7 whip of the Three Spreadsheets {antimagic, *Rage rElec rCorr}
   (You found it on level 3 of the Dungeon)

   It reduces the magical energy of the wielder, and disrupts the spells and
   magical abilities of those it strikes.
   Natural abilities and divine invocations are not affected.
   rElec:     It insulates you from electricity.
   *Rage:     It berserks you when you make melee attacks (+20% chance).
   rCorr:     It protects you from acid and corrosion.
Missiles
 e - 6 poisoned darts (quivered)
 t - 2 atropa-tipped darts
Jewellery
 b - a +4 ring of evasion (left tentacle)
Wands
 s - a wand of digging (4)
Scrolls
 d - a scroll of magic mapping {unknown}
 h - a scroll of enchant armour {unknown}
 i - 2 scrolls of identify {unknown}
 k - a scroll of vulnerability {unknown}
 m - 2 scrolls of teleportation {unknown}
 o - a scroll of butterflies {unknown}
 q - a scroll of immolation {unknown}
Potions
 a - 2 potions of magic
 f - a potion of might {unknown}
 g - a potion of heal wounds {unknown}
 j - a potion of curing {unknown}
 n - a potion of degeneration {unknown}
 p - 2 potions of mutation {unknown}
 u - a potion of lignification {unknown}


   Skills:
 + Level 2.3 Fighting
 + Level 3.4 Dodging
 - Level 2.6 Stealth
 + Level 3.0 Spellcasting
 + Level 2.7 Conjurations
 * Level 5.0 Fire Magic


You had 8 spell levels left.
You knew the following spells:

 Your Spells              Type           Power      Damage    Failure   Level
a - Foxfire               Conj/Fire      72%        2x1d7     3%          1
b - Scorch                Fire           46%        2d7       2%          2

Your spell library contained the following spells:

 Spells                   Type           Power      Damage    Failure   Level
 Momentum Strike          Conj/Tloc      16%        3d8       12%         2
 Static Discharge         Conj/Air       16%        2-3/arc   12%         2
 Beastly Appendage        Tmut           6%         N/A       14%         1
 Inner Flame              Hex/Fire       13%        N/A       16%         3
 Blink                    Tloc           6%         N/A       22%         2
 Wereblood                Tmut           3%         N/A       22%         2
 Kindle Blastsparks       Fire/Tloc/Air  18%        2d11      22%         3
 Flame Wave               Conj/Fire      18%        2d7       28%         4
 Lesser Beckoning         Tloc           6%         N/A       38%         3
 Spider Form              Tmut/Pois      3%         N/A       38%         3
 Vhi's Electric Charge    Tloc/Air       6%         N/A       38%         3
 Arcjolt                  Conj/Air       4%         1d14      92%         5
 Lightning Bolt           Conj/Air       4%         1d15      92%         5


Dungeon Overview and Level Annotations

Branches:
Dungeon (4/15)
 Temple: D:4-7

Altars:

Shops:
D:2 =

Portals:
Sewer: D:4

Annotations:
D:4 Duvessa


Innate Abilities, Weirdness & Mutations

You cannot wear most types of armour.
You are amphibious.
You can wear up to eight rings at the same time.
Your skin changes colour to match your surroundings (Stealth+).
Your rubbery body absorbs attacks. (AC +1, EV +1)
((You are camouflaged when in or above water. (Stealth+)))
You have tentacles for arms and can constrict up to eight enemies at once.


Message History

You conjure some foxfire!
Dowan hits you with a +0 dagger. The ufetubus barely misses you.
The ufetubus misses you.
Your foxfire dissipates!
The foxfire hits Dowan.
Dowan is burned terribly!
Dowan is almost dead.
You closely miss the ufetubus. You grab the ufetubus. You squeeze the ufetubus!
You kill the ufetubus!
Dowan points at something and mumbles some strange words.
You miss Dowan. You grab Dowan. You squeeze Dowan.
Dowan is almost dead.
You constrict Dowan.
You kill Dowan!
You hear a distant scream of rage.
Your Fire Magic skill increases to level 5!
You barely miss the river rat. Your grab misses the river rat.
Duvessa goes berserk!
The river rat barely misses you. The river rat closely misses you.
The river rat attacks as you move away! The river rat barely misses you.
The river rat attacks as you move away! The river rat bites you.
The river rat attacks as you move away! The river rat barely misses you.
Duvessa misses you.
Casting: Foxfire (safe; 3% risk of failure)
Confirm with . or Enter, or press ? or * to list all spells.
You conjure some foxfire!
Duvessa completely misses you. The river rat misses you.
You hit Duvessa but do no damage. You grab Duvessa.
You constrict Duvessa, but do no damage.
The foxfire hits the river rat!
The river rat is heavily wounded.
The foxfire hits the river rat.
You kill the river rat!
Duvessa misses you. Duvessa hits you with a +0 short sword!
Duvessa completely misses you.
You sock Duvessa!
Duvessa is moderately wounded.
You constrict Duvessa, but do no damage.
Duvessa hits you with a +0 short sword!
* * * LOW HITPOINT WARNING * * *
Duvessa hits you with a +0 short sword!!
You die...

....†..........
...............
...............
#.......#######+#
#......†#.......#
#.......).......#
#.......#.......#
#########.......########+#
#.....e@§........#
#................#
#................+
#.##....##...##..#
##########...# #
.........# .........#
.........# #.........#


You could see Duvessa (berserk, fast).

Vanquished Creatures
  Sigmund (D:3)
  Dowan (D:4)
  Terence (D:3)
  4 gnolls (D:3)
  A river rat (D:4)
  3 adders
  An ufetubus (D:4)
  2 worms
  2 dart slugs (D:1)
  3 orcs (D:3)
  7 bats
  2 endoplasms
  3 giant cockroaches
  7 goblins
  6 hobgoblins
  6 quokkas
  4 ball pythons
  4 frilled lizards
  7 kobolds
  6 rats
71 creatures vanquished.

Vanquished Creatures (others)
  249 foxfires
249 creatures vanquished.

Grand Total: 320 creatures vanquished

Notes
Turn   | Place    | Note
-------+----------+-------------------------------------------
     0 | D:1      | brknglss the Octopode Fire Elementalist began the quest for
                  | the Orb.
     0 | D:1      | Reached XP level 1. HP: 11/11 MP: 3/3
   251 | D:1      | Reached XP level 2. HP: 18/18 MP: 3/5
   806 | D:1      | Reached XP level 3. HP: 22/22 MP: 1/6
  2125 | D:2      | Found Nohuosem's Jewellery Shop.
  2134 | D:2      | Reached skill level 1 in Fighting
  2382 | D:2      | Reached XP level 4. HP: 28/28 MP: 2/7
  2720 | D:2      | Learned a level 2 spell: Scorch
  2884 | D:3      | Identified the +1 pair of gloves of Viazi {Will- Dex+8
                  | Slay+2 SInv}
  2896 | D:3      | Found the +1 Delatra's gloves {ID++}
  3047 | D:3      | Upgraded the game from 0.30-a0-272-gf98c3da03f to
                  | 0.30-a0-292-g0f741e3f8e
  3308 | D:3      | Reached skill level 4 in Fire Magic
  3496 | D:3      | Reached XP level 5. HP: 33/33 MP: 1/8
  3612 | D:3      | Noticed Terence
  3626 | D:3      | Noticed Sigmund
  3633 | D:3      | Killed Sigmund
  3634 | D:3      | Reached XP level 6. HP: 39/39 MP: 0/10
  3639 | D:3      | Identified the +7 whip of the Three Spreadsheets
                  | {antimagic, *Rage rElec rCorr}
  3791 | D:3      | Killed Terence
  4347 | D:4      | Found a glowing drain.
  4348 | D:4      | Noticed Dowan
  4398 | D:4      | Noticed Duvessa
  4402 | D:4      | Killed Dowan
  4403 | D:4      | Reached skill level 5 in Fire Magic
  4412 | D:4      | Mangled by Duvessa

Illustrated notes

Levels and vault maps discovered:
D:1:      sevenhm_arrival_forest_fort_small_3, layout_basic,
          wad_floor_pattern_2, chequers_serial_rivers_small_3
D:2:      layout_basic, serial_shops, nicolae_shop_statue_plus
D:3:      layout_basic, uniq_terence, uniq_sigmund
D:4:      layout_gridville, marbit_many_paths, portal_sewer_entry_a,
          uniq_menkaure, uniq_ijyb, uniq_duvessa

Skill      XL: |  1  2  3  4  5  6 |
---------------+-------------------+-----
Fighting       | 1 2 |  2.3
Fire Magic     | 4 5 |  5.0
Dodging        | 3 |  3.4
Conjurations   | 2 |  2.7
Spellcasting   | 3 |  3.0
Stealth        | |  2.6

Action                   |  1- 3 |  4- 6 || total
-------------------------+-------+-------++-------
Melee: Unarmed           |     5 |       ||     5
       Constrict         |     5 |     8 ||    13
       Whip              |     9 |    15 ||    24
       Tentacles         |     4 |     6 ||    10
       Punch             |     2 |       ||     2
       Morningstar       |       |    10 ||    10
Throw: Dart              |       |     2 ||     2
 Cast: Foxfire           |   118 |    38 ||   156
       Scorch            |       |    18 ||    18
 Stab: Sleeping          |       |     3 ||     3
Armor: Skin              |       |     3 ||     3
Dodge: Dodged            |    17 |    39 ||    56

Table legend: (Time is in decaauts)
 A = Elapsed time spent in this place.
 B = Non-inter-level travel time spent in this place.
 C = Inter-level travel time spent in this place.
 D = Time resting spent in this place.
 E = Time spent auto-exploring this place.
 F = Levels seen in this place.
 G = Mean time per level.
                   A        B        C        D        E       F      G
               +--------+--------+--------+--------+--------+-----+--------+
         Total |   4426 |   4240 |    186 |    810 |   2407 |   4 | 1106.5 |
       Dungeon |   4426 |   4240 |    186 |    810 |   2407 |   4 | 1106.5 |
               +--------+--------+--------+--------+--------+-----+--------+

Top non-repeatable levels by time:
     D:1: 1640 daAuts
     D:3: 1538 daAuts
     D:2: 1123 daAuts
     D:4: 124 daAuts
